AoeStats
← blackbarto

Arabia

510575110Analyzed
1v1 RM · 2d ago on Oct 1, 2026· 35m 18s· 2 players
Game mode
Random Map
Map size
Tiny (2 player)
Population
200
Speed
Normal
Resources
Standard
Victory
Conquest
Starting age
Dark Age
Ending age
Imperial Age
RankedLock teamsTeams togetherTeam positionsShared explorationLock speedFull tech treeHidden civsTurbo modeCheats
Victory
Defeat
🇮🇹 Ethiopians · Italy
910
+16
🇪🇸 Saracens · Spain
900
-16
tonibella.1997
4:18 Loom
11:24 Feudal Age
16:42 Fletching
19:55 Padded Archer Armor
22:20 Double-Bit Axe
27:42 Castle Age
25:47 Horse Collar
28:39 Forging
29:00 Husbandry
29:21 Bloodlines
30:09 Pikeman
33:11 Scale Mail Armor
33:24 Gambesons
blackbarto
7:44 Loom
10:22 Feudal Age
11:59 Double-Bit Axe
13:19 Fletching
26:28 Castle Age
26:18 Scale Barding Armor
26:24 Forging
26:50 Horse Collar
27:31 Stone Mining
27:35 Gold Mining
30:27 Chain Barding Armor
30:04 Bodkin Arrow
34:38 Husbandry
Connection lost

Rejoining the realm…

Still unreachable

The connection could not be restored.

Session expired

The server has moved on; the page needs a fresh start.